 Dungeon Crawl Stone Soup version 0.32-a0-471-gb91d5d9764 (webtiles) character file.

Game seed: 17101835354316493706

1016 shadizar the Ducker (level 8, 0/59 HPs)
             Began as a Djinni Alchemist on Feb 25, 2024.
             Slain by a water moccasin (8 damage)
             ... on level 7 of the Dungeon.
             The game lasted 00:09:26 (4911 turns).

shadizar the Ducker (Djinni Alchemist)              Turns: 4911, Time: 00:09:27

Health: 0/59       AC:  2    Str:  7    XL:     8   Next: 45%
Gold:   274        EV: 15    Int: 18    God:
                   SH:  0    Dex: 15

rFire   + + .        (no weapon)
rCold   x . .        (no shield)
rNeg    . . .        a - +0 robe
rPois   ∞            (no helmet)
rElec   .            k - scarf {repulsion}
rCorr   .            (no gloves)
SInv    .            (boots unavailable)
Will    .....        (no amulet)
Stlth   ++           (no ring)
HPRegen 0.29/turn    (no ring)
MPRegen 0.00/turn

%: repel missiles, infuse magic (-1 HP)
@: flying
A: sickness immunity, fire resistance 2, cold vulnerability 1, float, innate
caster, HP casting, extra vitality 1
a: no special abilities


You were on level 7 of the Dungeon.
You visited 1 branch of the dungeon, and saw 9 of its levels.

You collected 274 gold pieces.

Inventory:

Hand Weapons
 p - a +4 dagger of draining
Armour
 a - a +0 robe (worn)
 d - a +0 ring mail of poison resistance
 k - a scarf of repulsion (worn)
Jewellery
 v - an amulet of reflection
Wands
 l - a wand of paralysis (6)
 t - a wand of iceblast (18)
 x - a wand of mindburst (21)
 z - a wand of acid (7)
Scrolls
 b - 4 scrolls of identify {unknown}
 e - a scroll of teleportation {unknown}
 g - a scroll of poison {unknown}
 m - a scroll of noise {unknown}
 o - a scroll of blinking {unknown}
 q - 2 scrolls of brand weapon {unknown}
 r - a scroll of immolation {unknown}
 s - a scroll of fear {unknown}
 w - a scroll of fog {unknown}
 y - a scroll of enchant weapon {unknown}
 A - 2 scrolls of silence {unknown}
Potions
 c - 2 potions of mutation {unknown}
 f - a potion of degeneration {unknown}
 h - a potion of brilliance {unknown}
 i - 2 potions of heal wounds {unknown}
 j - a potion of curing {unknown}
 n - a potion of resistance {unknown}
 u - 2 potions of cancellation {unknown}


   Skills:
 + Level 5.1 Fighting
 + Level 6.2 Dodging
 - Level 1.5 Stealth
 + Level 5.2 Spellcasting
 + Level 5.2 Conjurations
 + Level 5.2 Hexes
 + Level 5.2 Summonings
 + Level 5.2 Necromancy
 + Level 5.2 Translocations
 + Level 5.2 Fire Magic
 + Level 5.2 Ice Magic
 + Level 5.2 Air Magic
 + Level 5.2 Earth Magic
 + Level 5.2 Alchemy


You knew the following spells:

 Your Spells              Type           Power      Damage    Failure   Level
a - Sting                 Conj/Alch      92%        1d8       1%          1
b - Mercury Vapours       Alch/Air       46%        N/A       2%          2
c - Mephitic Cloud        Conj/Alch/Air  23%        N/A       4%          3
d - Olgreb's Toxic Radia  Alch           23%        N/A       16%         4
e - Sticky Flame          Fire/Alch      23%        2d6       16%         4
f - Summon Small Mammal   Summ           92%        N/A       1%          1
g - Blink                 Tloc           46%        N/A       2%          2
h - Dazzling Flash        Conj/Hex       46%        N/A       4%          3
Your spell library was empty.

Dungeon Overview and Level Annotations

Branches:
Dungeon (9/15)             Temple (0/1) D:6
   Lair: D:8-11         Orc: D:9-12

Altars:
Ashenzari
Ru
Wu Jian
Xom

Annotations:
D:4 1 runed translucent door, Crazy Yiuf
D:7 2 runed translucent doors


Innate Abilities, Weirdness & Mutations

You are immune to sickness and miasma.
You are immune to poison.
Your flesh is very heat resistant. (rF++)
You are vulnerable to cold. (rC-)
You float through the air rather than walking.
You learn spells naturally, not from books.
Your magical power is your life essence.
You have superior vitality. (+4 MHP)


Message History

Unknown command.
Casting: Mephitic Cloud (dangerous; 4% risk of failure)
Confirm with . or Enter, or press ? or * to list all spells.
Aiming: Mephitic Cloud (dangerous; 4% risk of failure)
Press: ? - help, Shift-Dir - straight line, f - bullfrog
Aim: a bullfrog (chance to affect: 81%)
The ball explodes into a vile cloud!
The stinking cloud engulfs the bullfrog.
The stinking cloud engulfs you.
The stinking cloud engulfs the water moccasin.
The water moccasin is lightly wounded.
* * * LOW HITPOINT WARNING * * *
You hear a shout! x4
The water moccasin bites you.
* * * LOW HITPOINT WARNING * * *
The bullfrog is engulfed in noxious fumes.
The bullfrog appears confused.
Unknown command.
Unknown command.
Unknown command.
Unknown command.
Unknown command.
Unknown command.
Unknown command.
Unknown command.
Unknown command.
Unknown command.
The bullfrog is engulfed in noxious fumes.
The bullfrog appears confused.
The water moccasin closely misses you.
The bullfrog is engulfed in noxious fumes.
The bullfrog appears confused.
The bullfrog is engulfed in noxious fumes.
The bullfrog appears confused.
Found a large runed translucent door.
The water moccasin attacks as it pursues you!
The water moccasin misses you.
Okay, then.
The water moccasin attacks as it pursues you!
The water moccasin bites you!
You die...

#########.#
#.........#
#.........#
#.######.........#
#.....○§§........###
......§f§...$.......
#...F.°...........#
#...#######S...#..
#.. #.@..# #
#~§.#..#.# §§.§#...
.. §§#~+.... #+
...+.....
~.⌠.#......
#~#..#.......
##..##........


You could see a water moccasin and a sleepcap (wandering).

Vanquished Creatures
  Duvessa (D:4)
  An ice beast (D:4)
  2 ogres
  2 scorpions (D:4)
  Dowan (D:4)
  2 bombardier beetles
  2 hounds
  2 orc priests (D:5)
  2 sleepcaps
  An orc wizard (D:5)
  Terence (D:3)
  An iguana (D:4)
  8 adders
  2 dart slugs
  A ribbon worm (D:5)
  13 orcs
  6 ball pythons
  3 endoplasms
  2 giant cockroaches
  10 goblins
  8 hobgoblins
  3 jackals (D:5)
  3 quokkas
  7 bats
  A frilled lizard (D:3)
  8 kobolds
  3 rats
96 creatures vanquished.

Notes
Turn   | Place    | Note
-------+----------+-------------------------------------------
     0 | D:1      | shadizar the Djinni Alchemist began the quest for the Orb.
     0 | D:1      | shadizar set off with the following spells memorised:
                  | Sting, Mercury Vapours, Mephitic Cloud, Olgreb's Toxic
                  | Radiance, Sticky Flame.
     0 | D:1      | Reached XP level 1. HP: 15/15 MP: 0/0
   357 | D:1      | Reached XP level 2. HP: 18/22 MP: 0/0
   937 | D:2      | Reached skill level 1 in Fighting
  1098 | D:2      | Reached XP level 3. HP: 23/27 MP: 0/0
  1098 | D:2      | Learned a level 1 spell: Summon Small Mammal
  1717 | D:3      | Noticed Terence
  1726 | D:3      | Killed Terence
  1727 | D:3      | Reached skill level 3 in Dodging
  1727 | D:3      | Reached XP level 4. HP: 22/33 MP: 0/0
  1790 | D:3      | Reached XP level 5. HP: 34/38 MP: 0/0
  1790 | D:3      | Learned a level 2 spell: Blink
  2282 | D:3      | Found an ornate altar of the Wu Jian Council.
  2343 | D:3      | Found a shimmering altar of Xom.
  2343 | D:3      | Found a sacrificial altar of Ru.
  2834 | D:4      | Noticed an ogre
  2862 | D:4      | Killed an ogre
  2863 | D:4      | Reached skill level 4 in Dodging
  2863 | D:4      | Reached XP level 6. HP: 18/46 MP: 0/0
  3197 | D:4      | Reached XP level 7. HP: 24/50 MP: 0/0
  3197 | D:4      | Learned a level 3 spell: Dazzling Flash
  3364 | D:4      | Reached skill level 5 in Dodging
  3492 | D:4      | Noticed Duvessa
  3494 | D:4      | Noticed Dowan
  3520 | D:4      | Killed Duvessa
  3529 | D:4      | Killed Dowan
  3692 | D:4      | Found a broken altar of Ashenzari.
  3755 | D:4      | Reached XP level 8. HP: 50/58 MP: 0/0
  3817 | D:4      | Found a runed translucent door.
  3818 | D:4      | Noticed Crazy Yiuf
  4040 | D:5      | Entered Level 5 of the Dungeon
  4099 | D:5      | Reached skill level 5 in Spellcasting
  4099 | D:5      | Reached skill level 5 in Conjurations
  4099 | D:5      | Reached skill level 5 in Hexes
  4099 | D:5      | Reached skill level 5 in Summonings
  4099 | D:5      | Reached skill level 5 in Necromancy
  4099 | D:5      | Reached skill level 5 in Translocations
  4099 | D:5      | Reached skill level 5 in Fire Magic
  4099 | D:5      | Reached skill level 5 in Ice Magic
  4099 | D:5      | Reached skill level 5 in Air Magic
  4099 | D:5      | Reached skill level 5 in Earth Magic
  4099 | D:5      | Reached skill level 5 in Alchemy
  4265 | D:5      | Reached skill level 6 in Dodging
  4571 | D:5      | Reached skill level 5 in Fighting
  4854 | D:6      | Found a staircase to the Ecumenical Temple.
  4873 | D:6      | You are sucked into a shaft and drop 3 floors!
  4878 | D:8      | Noticed a yak
  4878 | D:8      | Noticed a yak
  4878 | D:8      | Noticed a yak
  4878 | D:8      | Noticed a yak
  4878 | D:8      | Noticed a yak
  4910 | D:7      | Found a large runed translucent door.
  4910 | D:7      | Found a large runed translucent door.
  4911 | D:7      | Slain by a water moccasin

Illustrated notes

Levels and vault maps discovered:
D:1:      psy_arrival_whirlpool, layout_loops_corners,
          minmay_misc_feat_more_columns, minmay_crystal_room
D:2:      layout_loops_cross
D:3:      layout_basic, nicolae_overflow_hidden_temple,
          pdpol_wu_jian_five_deadly_venoms, grunt_decor_cap,
          minmay_goblin_outpost, uniq_terence
D:4:      layout_rooms, old_standard_altar, uniq_crazy_yiuf_cottage,
          uniq_duvessa
D:5:      layout_rooms, mainiacjoe_overflow_six_doors_small
D:6:      layout_layer_cave, minmay_temple_entry_slanted
D:7:      layout_basic, nicolae_ossuary_entry_ruins,
          ebering_ghost_disaster_area, uniq_maggie, uniq_joseph, uniq_jeremiah
D:8:      layout_rooms, mainiacjoe_overflow_surrounded_room, uniq_grum
D:9:      lemuel_castle_with_subvaults [lemuel_castle_interior_carwin_2],
          layout_irregular_city, gammafunk_temple_overflow_arena,
          nicolae_lava_and_water, minmay_misc_feat_encased,
          kennysheep_opposing_triangles, uniq_psyche

Skill      XL: |  1  2  3  4  5  6  7  8 |
---------------+-------------------------+-----
Fighting       | 1 2 3 4 5 |  5.1
Dodging        | 3 4 5 6 |  6.2
Spellcasting   | 4 5 |  5.2
Conjurations   | 4 5 |  5.2
Hexes          | 4 5 |  5.2
Summonings     | 4 5 |  5.2
Necromancy     | 4 5 |  5.2
Translocations | 4 5 |  5.2
Fire Magic     | 4 5 |  5.2
Ice Magic      | 4 5 |  5.2
Air Magic      | 4 5 |  5.2
Earth Magic    | 4 5 |  5.2
Alchemy        | 4 5 |  5.2
Stealth        | |  1.5

Action                     |  1- 3 |  4- 6 |  7- 9 || total
---------------------------+-------+-------+-------++-------
   Cast: Sting             |    55 |   115 |    79 ||   249
         Mephitic Cloud    |       |     3 |     7 ||    10
 Armour: Robe              |     8 |    30 |    18 ||    56
  Dodge: Dodged            |     9 |    42 |    36 ||    87
         Repelled          |       |     1 |     1 ||     2

Table legend: (Time is in decaauts)
 A = Elapsed time spent in this place.
 B = Non-inter-level travel time spent in this place.
 C = Inter-level travel time spent in this place.
 D = Time resting spent in this place.
 E = Time spent auto-exploring this place.
 F = Levels seen in this place.
 G = Mean time per level.
                   A        B        C        D        E       F      G
               +--------+--------+--------+--------+--------+-----+--------+
         Total |   4909 |   4744 |    165 |      0 |   4006 |   9 |  545.4 |
       Dungeon |   4909 |   4744 |    165 |      0 |   4006 |   9 |  545.4 |
               +--------+--------+--------+--------+--------+-----+--------+

Top non-repeatable levels by time:
     D:4: 1265 daAuts
     D:3: 1067 daAuts
     D:1: 915 daAuts
     D:5: 809 daAuts
     D:2: 790 daAuts
     D:8: 26 daAuts
     D:6: 22 daAuts
     D:7: 5 daAuts
     D:9: 4 daAuts
